 Dungeon Crawl Stone Soup version 0.21.1-1-g345015fe64 (webtiles) character file.

25524 Revguard the Peltast (level 13, -26/76 HPs)
             Began as a Gargoyle Fighter on June 9, 2018.
             Was an Elder of the Shining One.
             Killed from afar by a salamander mystic (32 damage)
             ... with a bolt of magma
             ... on level 1 of the Snake Pit.
             The game lasted 01:00:56 (12380 turns).

Revguard the Peltast (Gargoyle Fighter)            Turns: 12380, Time: 01:00:57

Health: -26/76     AC: 46    Str: 24    XL:     13   Next: 20%
Magic:  4/16       EV: 12    Int: 11    God:    the Shining One [****..]
Gold:   581        SH: 34    Dex: 24    Spells: 12/12 levels left

rFire    . . .     SeeInvis .   I - +7 falchion of the Original Sin {flame, +Fly Dex+2}
rCold    . . .     Gourm    .   w - +4 large shield
rNeg     + + +     Faith    .   E - +10 storm dragon scales of the Armadillo {rElec Int+2 Dex+4}
rPois    ∞         Spirit   .   m - +2 helmet
rElec    +         Reflect  .   p - +1 cloak
rCorr    .         Harm     .   j - +0 pair of gloves
MR       .....                  (no boots)
Stlth    ..........             (no amulet)
HPRegen  0.22/turn              c - +3 ring of dexterity
MPRegen  0.15/turn              z - +4 ring of protection

@: agile, divine shield, about to teleport, very slightly contaminated, glowing,
invisible (but backlit and visible)
A: negative energy resistance 1, electricity resistance, unbreathing,
petrification resistance, rot immunity, AC +9
a: Divine Shield, Cleansing Flame, Renounce Religion, Evoke Flight


You were on level 1 of the Snake Pit.
You worshipped the Shining One.
The Shining One was greatly pleased with you.
You were hungry.

You visited 4 branches of the dungeon, and saw 12 of its levels.

You collected 581 gold pieces.

Inventory:

Hand Weapons
 a - a +0 flail
 I - the +7 falchion of the Original Sin (weapon) {flame, +Fly Dex+2}
   (You found it on level 2 of the Lair of Beasts)

   It has been specially enchanted to burn those struck by it, causing extra
   injury to most foes and up to half again as much damage against particularly
   susceptible opponents.
   Big, fiery blades are also staple armaments of hydra-hunters.
   It affects your dexterity (+2).
   It lets you fly.
Armour
 j - a +0 pair of gloves (worn)
 m - a +2 helmet (worn)
 p - a +1 cloak (worn)
 w - a +4 large shield (worn)
 E - the +10 storm dragon scales of the Armadillo (worn) {rElec Int+2 Dex+4}
   (You found it on level 8 of the Dungeon)

   It affects your intelligence (+2).
   It affects your dexterity (+4).
   It insulates you from electricity.
Jewellery
 c - a +3 ring of dexterity (left hand)
 i - an uncursed ring of ice
 o - an uncursed ring of protection from fire
 y - an uncursed ring of fire
 z - a +4 ring of protection (right hand)
Wands
 h - a wand of iceblast (5)
 B - a wand of flame (22)
Scrolls
 b - a scroll of noise
 e - a scroll of amnesia
 k - 3 scrolls of remove curse
 l - 2 scrolls of immolation
 n - a scroll of teleportation
 q - a scroll of enchant armour
 t - 2 scrolls of fog
 C - a scroll of blinking {unknown}
 D - a scroll of torment {unknown}
 J - a scroll of summoning {unknown}
 K - a scroll of acquirement {unknown}
Potions
 g - a potion of agility
 s - 3 potions of flight
 v - 3 potions of haste
Books
 r - a book of Flames

   Spells                             Type                      Level
   a - Flame Tongue                   Conjuration/Fire             1
   b - Throw Flame                    Conjuration/Fire             2
   c - Conjure Flame                  Conjuration/Fire             3
   d - Inner Flame                    Hexes/Fire                   3
   e - Sticky Flame                   Conjuration/Fire             4
   f - Fireball                       Conjuration/Fire             5
 u - a book of Spatial Translocations

   Spells                             Type                      Level
   a - Blink                          Translocation                2
   b - Shroud of Golubria             Charms/Translocation         2
   c - Lesser Beckoning               Translocation                3
   d - Gell's Gravitas                Translocation                3
   e - Teleport Other                 Translocation                3
   f - Passage of Golubria            Translocation                4
 x - a book of Misfortune

   Spells                             Type                      Level
   a - Confusing Touch                Hexes                        1
   b - Confuse                        Hexes                        3
   c - Gell's Gravitas                Translocation                3
   d - Petrify                        Transmutation/Earth          4
   e - Metabolic Englaciation         Hexes/Ice                    5
   f - Yara's Violent Unravelling     Hexes/Transmutation          5
 A - a Young Poisoner's Handbook

   Spells                             Type                      Level
   a - Sting                          Conjuration/Poison           1
   b - Poisonous Vapours              Poison/Air                   2
   c - Mephitic Cloud                 Conjuration/Poison/Air       3
   d - Olgreb's Toxic Radiance        Poison                       4
   e - Venom Bolt                     Conjuration/Poison           5
 G - a book of Clouds

   Spells                             Type                      Level
   a - Poisonous Vapours              Poison/Air                   2
   b - Mephitic Cloud                 Conjuration/Poison/Air       3
   c - Conjure Flame                  Conjuration/Fire             3
   d - Freezing Cloud                 Conjuration/Ice/Air          6
   e - Ring of Flames                 Charms/Fire                  7
Comestibles
 f - 8 rations


   Skills:
 + Level 7.2 Fighting
 * Level 4.6 Long Blades
 - Level 9.2 Maces & Flails
 + Level 11.6 Armour
 - Level 1.0 Dodging
 * Level 16.1 Shields
 - Level 5.0 Invocations
 + Level 0.2 Evocations


You had 12 spell levels left.
You didn't know any spells.

Dungeon Overview and Level Annotations

Branches:
Dungeon (8/15)             Temple (1/1) D:6            Lair (2/6) D:8
  Snake (1/4) Lair:2
  Swamp: Lair:2-4    Shoals: Lair:2-4

Altars:
Ashenzari
Dithmenos
Fedhas
Gozag
Hepliaklqana
Kikubaaqudgha
Makhleb
Okawaru
Qazlal
Ru
Sif Muna
Trog
Uskayaw
Vehumet
Wu Jian
Xom
Yredelemnul
The Shining One


Innate Abilities, Weirdness & Mutations

You are resistant to torment.
Your stone body is resilient. (AC +9)
You are immune to poison.
You resist negative energy. (rN+)
You are resistant to electric shocks. (rElec)
You can survive without breathing.
You are immune to petrification.
You are immune to rotting.


Message History

You are engulfed in flames!!
* * * LOW HITPOINT WARNING * * *
The naga mage casts a spell.
The naga mage seems to speed up.
You feel agile all of a sudden.
The salamander mystic hits you but does no damage.
It was a potion of invisibility.
You become transparent, but the glow from your halo prevents you from becoming completely invisible.
You block the salamander mystic's attack.
You are very lightly contaminated with residual magic.
Your shield is strengthened by the Shining One's divine power.
You feel slightly more hungry.
You block the salamander mystic's attack.
You don't have enough magic at the moment.
As you read the scroll of teleportation, it crumbles to dust.
You feel strangely unstable.
You block the salamander mystic's attack.
The salamander mystic casts a spell at you.
The bolt of magma hits you!
You die...

..... ... #)#
##### #.#
###)..### #.#
#.'.))).## #.#
#.#.)....## #.#
##N.N..8...##
#.###.N#N.......##
#@##.N#####......#
#.##S########N.8..
#N#.S.#....N..N...
#N#.#.'....NN.....
#NN.#.#...8..8.>.8
#####.............
##...........
#######..8..
.....#


You could see a salamander mystic, a naga ritualist, a naga mage and a naga.

Vanquished Creatures
  A hydra (Lair:2)
  The ghost of Chudej the Basher, a novice DDFi of Makhleb (Lair:1)
  4 anacondas (Snake:1)
  A two-headed ogre (D:5)
  A mana viper (Snake:1)
  3 naga magi (Snake:1)
  4 black mambas
  6 elephants (Lair:2)
  The ghost of kometa the Covert, a novice SpAs of Wu Jian (D:7)
  4 spiny frogs
  2 komodo dragons
  6 hippogriffs
  Sigmund (D:4)
  21 yaks
  A wyvern (Lair:1)
  Eustachio (D:4)
  A basilisk (D:8)
  10 nagas
  6 water moccasins
  5 porcupines
  Duvessa (D:4)
  3 orc warriors
  A sky beast (D:8)
  An ice beast (D:6)
  A phantom (D:7)
  3 black bears (Lair:2)
  7 ogres
  2 centaurs
  11 wolves (Lair:1)
  10 crocodiles
  Blork the orc (D:4)
  5 bullfrogs
  Dowan (D:4)
  4 scorpions
  5 killer bees (D:8)
  4 wights (D:8)
  7 electric eels
  A howler monkey (D:4)
  7 crimson imps
  2 quasits
  3 bullfrog zombies
  A centaur zombie (D:6)
  A centaur skeleton (D:8)
  4 hounds
  3 jellies
  4 orc priests
  9 orc wizards
  A bullfrog skeleton (D:5)
  Terence (D:2)
  2 iguanas
  7 worker ants
  2 hound zombies
  Robin (D:2)
  11 adders
  7 gnolls
  3 shadow imps
  An ooze (D:5)
  2 adder zombies
  An adder skeleton (D:5)
  3 worms
  A dart slug (D:2)
  4 leopard geckos
  45 orcs
  5 giant cockroaches
  13 goblins
  7 hobgoblins
  5 jackals
  8 quokkas
  2 ball pythons (D:3)
  4 bats
  4 frilled lizards
  A jackal skeleton (D:5)
  10 kobolds
  A quokka zombie (D:6)
  3 rats
337 creatures vanquished.

Vanquished Creatures (others)
  A jackal (D:2)
  4 bushes (D:8)
  4 fungi
  19 plants
28 creatures vanquished.

Grand Total: 365 creatures vanquished

Notes
Turn   | Place    | Note
-------+----------+-------------------------------------------
     0 | D:1      | Revguard the Gargoyle Fighter began the quest for the Orb.
     0 | D:1      | Reached XP level 1. HP: 14/14 MP: 1/1
  1031 | D:2      | Reached XP level 2. HP: 18/19 MP: 2/2
  1133 | D:2      | Noticed Terence
  1161 | D:2      | Killed Terence
  1161 | D:2      | Reached XP level 3. HP: 20/23 MP: 3/3
  1253 | D:2      | Reached XP level 4. HP: 25/28 MP: 4/4
  1282 | D:2      | Noticed Robin
  1283 | D:2      | Found an ancient bone altar of Kikubaaqudgha.
  1327 | D:2      | Killed Robin
  1642 | D:2      | Found a glowing golden altar of the Shining One.
  1655 | D:2      | Noticed an angel
  1712 | D:2      | Reached skill level 4 in Shields
  1899 | D:2      | Found a basalt altar of Yredelemnul.
  1902 | D:2      | Noticed a profane servitor
  1930 | D:2      | Became a worshipper of the Shining One
  2025 | D:2      | Found a hide-covered altar of Uskayaw.
  2025 | D:2      | Found a sacrificial altar of Ru.
  2095 | D:2      | Reached XP level 5. HP: 33/33 MP: 5/5
  2233 | D:3      | Found a deep blue altar of Sif Muna.
  2555 | D:3      | Reached skill level 1 in Dodging
  2555 | D:3      | Reached XP level 6. HP: 38/38 MP: 6/6
  2999 | D:4      | Noticed Eustachio
  3028 | D:4      | Killed Eustachio
  3028 | D:4      | Reached skill level 5 in Maces & Flails
  3028 | D:4      | Reached skill level 5 in Shields
  3028 | D:4      | Reached XP level 7. HP: 30/43 MP: 7/7
  3133 | D:4      | Found an opulent altar of Gozag.
  3176 | D:4      | Noticed Blork the orc
  3184 | D:4      | Killed Blork the orc
  3210 | D:4      | Reached * piety under the Shining One
  3429 | D:4      | Noticed Sigmund
  3441 | D:4      | Killed Sigmund
  3441 | D:4      | Reached skill level 5 in Armour
  3441 | D:4      | Reached skill level 6 in Shields
  3441 | D:4      | Reached XP level 8. HP: 48/48 MP: 8/8
  3611 | D:4      | Found a shattered altar of Ashenzari.
  3613 | D:4      | Noticed Duvessa
  3615 | D:4      | Noticed Dowan
  3626 | D:4      | Killed Duvessa
  3645 | D:4      | Killed Dowan
  3712 | D:4      | Found an iron altar of Okawaru.
  3712 | D:4      | Found a bloodstained altar of Trog.
  4160 | D:4      | You fall through a shaft for 3 floors!
  4228 | D:6      | Found a transporter.
  4277 | D:6      | Reached skill level 7 in Shields
  4301 | D:6      | Found a staircase to the Ecumenical Temple.
  4321 | Temple   | Entered the Ecumenical Temple
  4558 | D:6      | Found a transporter.
  4852 | D:6      | Reached XP level 9. HP: 47/53 MP: 9/9
  4880 | D:6      | Reached skill level 11 in Shields
  4880 | D:6      | Reached XP level 10. HP: 58/58 MP: 10/10
  5451 | D:5      | Entered Level 5 of the Dungeon
  5460 | D:5      | Noticed a two-headed ogre
  5478 | D:5      | Killed a two-headed ogre
  5478 | D:5      | Reached skill level 5 in Fighting
  5478 | D:5      | Reached skill level 12 in Shields
  5780 | D:5      | Reached ** piety under the Shining One
  7274 | D:7      | Reached *** piety under the Shining One
  7435 | D:7      | Noticed kometa's ghost (novice SpAs)
  7467 | D:7      | Killed kometa's ghost
  8226 | D:8      | Reached XP level 11. HP: 60/64 MP: 11/11
  8262 | D:8      | Got ancient storm dragon scales
  8273 | D:8      | Identified the +10 storm dragon scales of the Armadillo {rElec Int+2 Dex+4} (You found it on level 8 of the Dungeon)
  8713 | D:8      | Reached skill level 13 in Shields
  8860 | D:8      | Reached **** piety under the Shining One
  9021 | D:8      | Found a staircase to the Lair.
  9220 | Lair:1   | Entered Level 1 of the Lair of Beasts
  9311 | Lair:1   | Reached skill level 1 in Invocations
  9595 | Lair:1   | Reached skill level 14 in Shields
  9859 | Lair:1   | Noticed Chudej's ghost (novice DDFi)
  9899 | Lair:1   | Killed Chudej's ghost
 10063 | Lair:1   | Reached XP level 12. HP: 57/71 MP: 13/13
 10911 | Lair:2   | Got a slimy falchion
 10937 | Lair:2   | Identified the +7 falchion of the Original Sin {flame, +Fly Dex+2} (You found it on level 2 of the Lair of Beasts)
 10951 | Lair:2   | Found a staircase to the Snake Pit.
 10967 | Lair:2   | Noticed a six-headed hydra
 10989 | Lair:2   | Killed a one-headed hydra
 10989 | Lair:2   | Reached skill level 1 in Long Blades
 10989 | Lair:2   | Reached skill level 15 in Shields
 11918 | Snake:1  | Entered Level 1 of the Snake Pit
 11918 | Snake:1  | Noticed an anaconda
 11921 | Snake:1  | Noticed an anaconda
 11953 | Snake:1  | Killed an anaconda
 11978 | Snake:1  | Noticed an anaconda
 11984 | Snake:1  | Killed an anaconda
 11997 | Snake:1  | Noticed an anaconda
 12012 | Snake:1  | Killed an anaconda
 12012 | Snake:1  | Reached XP level 13. HP: 40/76 MP: 16/16
 12220 | Snake:1  | Reached skill level 5 in Invocations
 12295 | Snake:1  | Reached skill level 16 in Shields
 12380 | Snake:1  | Killed from afar by a salamander mystic

Skill      XL: |  1  2  3  4  5  6  7  8  9 10 11 12 13 |
---------------+----------------------------------------+-----
Maces & Flails | 3 4 5 6 7 8 9 |  9.2
Shields        | 4 5 6 7 11 12 14 15 16 | 16.1
Dodging        | 1 |  1.0
Armour         | 4 5 6 11 | 11.6
Fighting       | 4 5 6 7 |  7.2
Invocations    | 2 4 5 |  5.0
Long Blades    | 4 |  4.6
Evocations     | |  0.2

Action                   |  1- 3 |  4- 6 |  7- 9 | 10-12 | 13-15 || total
-------------------------+-------+-------+-------+-------+-------++-------
Melee: Flail             |    84 |   285 |   168 |  1002 |       ||  1539
       Falchion          |       |       |       |   168 |    98 ||   266
Invok: Cleansing Flame   |       |       |       |     2 |       ||     2
       Divine Shield     |       |       |       |     1 |     1 ||     2
Evoke: Wand              |       |       |       |     2 |       ||     2
  Use: Scroll            |       |       |     5 |    17 |     1 ||    23
       Potion            |       |       |     1 |    11 |     3 ||    15
  Eat: Ration            |       |     2 |     2 |     6 |       ||    10
       Chunk             |       |       |       |     5 |     1 ||     6
Armor: Scale mail        |     4 |       |       |       |       ||     4
       Chain mail        |    96 |   202 |       |       |       ||   298
       Plate armour      |       |    36 |    90 |   229 |       ||   355
       Storm dragon scal |       |       |       |   572 |    77 ||   649
Dodge: Dodged            |    42 |    88 |    16 |   262 |    29 ||   437
Block: Shield            |    67 |   200 |    24 |       |       ||   291
       Large shield      |       |       |   112 |  1786 |   198 ||  2096
       Rpst.: Falchion   |       |       |       |     9 |     4 ||    13
